 Dungeon Crawl Stone Soup version 0.23-a0-586-gacb4b3f (webtiles) character file.

117 Larett the Chopper (level 4, -6/39 HPs)
             Began as a Minotaur Berserker on Dec 18, 2018.
             Was a Believer of Trog.
             Mangled by a gnoll
             ... wielding a +0 spear
              (11 damage)
             ... on level 3 of the Dungeon.
             The game lasted 00:05:36 (2113 turns).

Larett the Chopper (Minotaur Berserker)             Turns: 2113, Time: 00:05:37

Health: -6/39      AC:  2    Str: 22    XL:     4   Next: 71%
Magic:  3/3        EV: 12    Int:  4    God:    Trog [**....]
Gold:   42         SH:  0    Dex: 10    Spells: 3/3 levels left

rFire    . . .     SeeInvis .   a - +0 hand axe
rCold    . . .     Gourm    .   (no shield)
rNeg     . . .     Faith    .   U - +0 animal skin
rPois    .         Spirit   .   (helmet restricted)
rElec    .         Reflect  .   (no cloak)
rCorr    .         Harm     .   (no gloves)
MR       .....                  (no boots)
Stlth    +.........             (no amulet)
HPRegen  0.13/turn              (no ring)
MPRegen  0.08/turn              (no ring)

@: no status effects
A: retaliatory headbutt, horns 2
a: Berserk, Trog's Hand, Renounce Religion


You were on level 3 of the Dungeon.
You worshipped Trog.
Trog was pleased with you.
You were not hungry.

You visited 1 branch of the dungeon, and saw 3 of its levels.

You collected 42 gold pieces.

Inventory:

Hand Weapons
 a - a +0 hand axe (weapon)
 b - a +0 hunting sling
Missiles
 d - 6 tomahawks (quivered)
 e - 19 arrows
 i - 49 stones
 S - 15 poisoned needles
 T - 21 bolts
 Y - 34 sling bullets
 Z - 2 throwing nets {!f}
Armour
 U - a +0 animal skin (worn)
Scrolls
 h - 4 scrolls of teleportation {unknown}
 j - a scroll of fog {unknown}
 V - a scroll of enchant armour {unknown}
Potions
 g - 2 potions of curing {unknown}
 k - a potion of might {unknown}
 W - a potion of lignification {unknown}
Comestibles
 c - 6 rations


   Skills:
 - Level 3.6 Fighting
 + Level 6.7 Axes
 - Level 2.4 Armour
 - Level 2.1 Dodging


You had 3 spell levels left.
You didn't know any spells.
Your spell library contained the following spells:

 Spells                   Type           Power        Failure   Level  Hunger
 Magic Dart               Conj           #...         50%         1    ##.....
 Blink                    Tloc           N/A          65%         2    ###....
 Call Imp                 Summ           #.......     65%         2    ###....
 Slow                     Hex            #.......     65%         2    ###....
 Conjure Flame            Conj/Fire      #.......     86%         3    ####...
 Mephitic Cloud           Conj/Pois/Air  #.......     86%         3    ####...


Dungeon Overview and Level Annotations

Branches:
Dungeon (3/15)

Altars:


Innate Abilities, Weirdness & Mutations

You reflexively headbutt those who attack you in melee.
You have a pair of horns on your head.


Message History

You hit the gnoll.
The gnoll is lightly wounded.
The gnoll hits you with a +0 spear. The gnoll barely misses you.
You hit the gnoll. You headbutt the gnoll!
You kill the gnoll!
Trog accepts your kill.
The gnoll hits you from afar with a +0 spear!
The gnoll hits you with a +0 spear.
* * * LOW HITPOINT WARNING * * *
Items here: ( )) †† a +0 spear; a +0 flail; a stone; a gnoll corpse; a dart slug corpse The gnoll hits you with a +0 spear.
* * * LOW HITPOINT WARNING * * *
You hit the gnoll but do no damage.
The gnoll is heavily wounded.
The gnoll barely misses you.
You hit the gnoll.
The gnoll is severely wounded.
The gnoll hits you with a +0 spear!
You die...

#.#<# #. #.#.# #.
##.#># #. ##)#..#
###.####.###.#
#.....#.## ##..
#.....#..## ....
#....g)...#.######
#..((@.....#
#.....##.###
####### ##


You could see a gnoll.

Vanquished Creatures
  2 gnolls (D:3)
  3 adders
  2 oozes
  A worm (D:2)
  2 dart slugs
  2 leopard geckos (D:1)
  5 giant cockroaches
  4 hobgoblins
  7 bats
  4 frilled lizards
  10 goblins
  10 kobolds
  7 rats
59 creatures vanquished.

Notes
Turn   | Place    | Note
-------+----------+-------------------------------------------
     0 | D:1      | Larett the Minotaur Berserker began the quest for the Orb.
     0 | D:1      | Reached XP level 1. HP: 19/19 MP: 0/0
   248 | D:1      | Reached skill level 4 in Axes
   249 | D:1      | Reached XP level 2. HP: 26/26 MP: 1/1
   700 | D:1      | Reached skill level 5 in Axes
   897 | D:2      | Reached XP level 3. HP: 31/31 MP: 2/2
   996 | D:2      | Reached ** piety under Trog
  1728 | D:2      | Reached skill level 6 in Axes
  1728 | D:2      | Reached XP level 4. HP: 32/39 MP: 3/3
  2111 | D:3      | HP: 5/39 [gnoll/+0 spear (5)]
  2113 | D:3      | Mangled by a gnoll

Vault maps used:
D:1:      dpeg_arrival_renting
D:2:      minmay_skewed_foursquare, first_ration
D:3:      gammafunk_ghost_necromancy, hangedman_abyss_or_decor_lesser_grid

Skill      XL: |  1  2  3 |
---------------+----------+-----
Axes           | 4 5 6 |  6.7
Fighting       | |  3.6
Armour         | |  2.4
Dodging        | |  2.1

Action                   |  1- 3 |  4- 6 || total
-------------------------+-------+-------++-------
Melee: Hand axe          |    96 |    18 ||   114
       Headbutt          |     7 |     4 ||    11
 Fire: Hunting sling     |    32 |    19 ||    51
  Eat: Chunk             |     2 |     2 ||     4
Armor: Animal skin       |    17 |     4 ||    21
Dodge: Dodged            |    78 |    13 ||    91

Table legend:
 A = Non-vault XP
 B = Vault XP
 C = Vault XP percentage of total XP
 D = Non-vault monster count
 E = Vault monster count
 F = Vault count percentage of total count
                 A         B        C        D         E       F
            +---------+---------+-------+---------+---------+-------
      Total |     159 |       9 |   5.4 |      53 |       6 |  10.2
            +---------+---------+-------+---------+---------+-------
        D:1 |      40 |       0 |   0.0 |      22 |       0 |   0.0
        D:2 |      72 |       9 |  11.1 |      26 |       6 |  18.8
        D:3 |      47 |       0 |   0.0 |       5 |       0 |   0.0
            +---------+---------+-------+---------+---------+-------
